 Dungeon Crawl Stone Soup version 0.31-a0-1204-ge2c1a860ed (webtiles) character file.

Game seed: 9767808474628109395

409732 mdonais the Warrior (level 23, -37/231 HPs)
             Began as an Octopode Reaver on Dec 12, 2023.
             Was the Champion of Okawaru.
             Killed by Lee's Rapid Deconstruction
             ... invoked by a deep troll earth mage
              (47 damage)
             ... on level 1 of the Depths on Dec 13, 2023.
             The game lasted 04:08:30 (50490 turns).

mdonais the Warrior (Octopode Reaver)              Turns: 50490, Time: 04:08:31

Health: -37/231    AC: 37    Str: 18    XL:     23   Next: 48%
Magic:  30/30      EV: 39    Int: 15    God:    Okawaru [******]
Gold:   3746       SH: 23    Dex: 38    Spells: 11/28 levels left

rFire   + . .        j - +9 quick blade (protect)
rCold   + + .        X - +5 kite shield {rC+}
rNeg    + . .        c - +0 hat of Starshine {rF+ rC+ Dex+3}
rPois   ∞            b - amulet of Kydoc {Faith rElec Regen+ Str+3}
rElec   +            C - +6 ring of dexterity
rCorr   +            u - +6 ring of dexterity
SInv    +            S - +6 ring of dexterity
Will    +++..        l - ring of willpower
Stlth   ++++++++++   s - +4 ring of protection
HPRegen 1.38/turn    W - +5 ring of evasion
MPRegen 0.22/turn    w - +4 ring of protection
                     a - ring "Vaylah" {Will+ rCorr Str+3 Dex-4 SInv}

%: faith
@: statue-form, studying 3 skills, very slow
A: slow and powerful, torment resistance 1, boosted hp, almost no armour,
amphibious, 8 rings, camouflage 1, (gelatinous body 1), nimble swimmer 1,
tentacles
}: 2/15 runes: serpentine, barnacled
a: Begin Untransformation, Renounce Religion, Heroism, Finesse, Duel


You were on level 1 of the Depths.
You worshipped Okawaru.
Okawaru was exalted by your worship.
You were a living statue of rough stone.
You visited 9 branches of the dungeon, and saw 39 of its levels.
You also visited: Bailey, Gauntlet, Ice Cave and Wizlab.

You collected 5536 gold pieces.
You spent 1790 gold pieces at shops.

Inventory:

Hand Weapons
 j - a +9 quick blade of protection (weapon)
   (Okawaru gifted it to you on level 2 of the Lair of Beasts)
Missiles
 x - 13 silver javelins (quivered)
 F - 6 curare-tipped darts
 G - 6 datura-tipped darts
 Z - 9 throwing nets {=!f}
Armour
 c - the +0 hat of Starshine (worn) {rF+ rC+ Dex+3}
   (Okawaru gifted it to you on level 2 of the Lair of Beasts)

   Dex+3:     It affects your dexterity (+3).
   rF+:       It protects you from fire.
   rC+:       It protects you from cold.
 o - the +3 hat of Pondering {ponderous, Will+ MP+10 Int+5}
   (You found it in an ice cave)

   Int+5:     It affects your intelligence (+5).
   Will+:     It increases your willpower.
   MP+10:     It affects your magic capacity (+10).
 X - a +5 kite shield of cold resistance (worn)
   (You found it in an ice cave)
Jewellery
 a - the ring "Vaylah" (on tentacle) {Will+ rCorr Str+3 Dex-4 SInv}
   (You found it on level 1 of the Shoals)

   [ring of resist corrosion]

   Str+3:     It affects your strength (+3).
   Dex-4:     It affects your dexterity (-4).
   Will+:     It increases your willpower.
   SInv:      It lets you see invisible.
   rCorr:     It protects you from acid and corrosion.
 b - the amulet of Kydoc (around mantle) {Faith rElec Regen+ Str+3}
   (You found it in a Gauntlet)

   [amulet of faith]

   Faith:     It allows you to gain divine favour quickly.
   Str+3:     It affects your strength (+3).
   rElec:     It insulates you from electricity.
   Regen+:    It increases your rate of health regeneration.
 f - a ring of protection from fire
   (You found it on level 3 of the Shoals)
 l - a ring of willpower (on tentacle)
   (You found it on level 15 of the Dungeon)
 s - a +4 ring of protection (on tentacle)
   (You found it on level 4 of the Shoals)
 u - a +6 ring of dexterity (right tentacle)
   (You found it on level 15 of the Dungeon)
 w - a +4 ring of protection (on tentacle)
   (You took it off a deep elf demonologist on level 3 of the Elven Halls)
 C - a +6 ring of dexterity (left tentacle)
   (You found it on level 3 of the Elven Halls)
 S - a +6 ring of dexterity (on tentacle)
   (You found it on level 11 of the Dungeon)
 W - a +5 ring of evasion (on tentacle)
   (You found it on level 5 of the Lair of Beasts)
Talismans
 d - a storm talisman
   (You found it on level 4 of the Shoals)
 h - a granite talisman (active)
   (You took it off Roxanne on level 1 of the Shoals)
 K - a dragon-blood talisman
   (You found it on level 3 of the Elven Halls)
Wands
 A - a wand of acid (39)
   (You found it on level 7 of the Dungeon)
 D - a wand of digging (37)
   (You found it on level 7 of the Dungeon)
 I - a wand of iceblast (29)
   (You found it in an ice cave)
 V - a wand of flame (84)
   (You found it on level 12 of the Dungeon)
Scrolls
 q - 6 scrolls of fog
 t - 5 scrolls of fear
 y - 4 scrolls of revelation
 B - 13 scrolls of blinking
 E - 8 scrolls of poison
 J - 2 scrolls of silence
 N - 5 scrolls of vulnerability
 R - a scroll of enchant armour
 T - 18 scrolls of teleportation
 Y - 3 scrolls of immolation
Potions
 e - 9 potions of mutation
 g - 5 potions of cancellation
 i - 3 potions of resistance
 k - 6 potions of invisibility
 m - 16 potions of heal wounds
 n - 6 potions of lignification
 p - 5 potions of might
 r - a potion of magic
 v - a potion of berserk rage
 z - 5 potions of ambrosia
 H - 12 potions of haste
 L - 3 potions of attraction
 O - 9 potions of enlightenment
 Q - 14 potions of curing
Miscellaneous
 U - a phial of floods
   (You found it on level 3 of the Shoals)


   Skills:
 - Level 20.3 Fighting
 - Level 14.0 Short Blades
 - Level 4.0 Maces & Flails
 - Level 3.0 Throwing
 + Level 15.6 Dodging
 - Level 18.0 Stealth
 - Level 15.0 Shields
 - Level 7.0 Unarmed Combat
 - Level 3.0 Spellcasting
 - Level 3.6 Conjurations
 - Level 1.0 Necromancy
 - Level 3.0 Translocations
 - Level 13.8 Air Magic
 - Level 10.0 Invocations
 - Level 4.0 Evocations
 - Level 18.0 Shapeshifting


You had 11 spell levels left.
You knew the following spells:

 Your Spells              Type           Power      Damage    Failure   Level
a - Kiss of Death         Conj/Necr      36%        2d8       13%         1
b - Momentum Strike       Conj/Tloc      24%        3d8       13%         2
c - Blink                 Tloc           22%        N/A       14%         2
d - Swiftness             Air            43%        N/A       1%          3
e - Airstrike             Air            21%        2d(4-20)  1%          4
f - Silence               Hex/Air        11%        N/A       45%         5

Your spell library contained the following spells:

 Spells                   Type           Power      Damage    Failure   Level
 Shock                    Conj/Air       100%       1d9       1%          1
 Static Discharge         Conj/Air       56%        3-6/arc   1%          2
 Poisonous Vapours        Pois/Air       46%        N/A       2%          2
 Magic Dart               Conj           52%        1d5       8%          1
 Mephitic Cloud           Conj/Pois/Air  19%        N/A       9%          3
 Searing Ray              Conj           26%        2d5       11%         2
 Lesser Beckoning         Tloc           22%        N/A       14%         2
 Foxfire                  Conj/Fire      28%        2x1d5     16%         1
 Gell's Gravitas          Tloc           11%        N/A       28%         3
 Teleport Other           Tloc           11%        N/A       28%         3
 Sting                    Tmut/Pois      8%         1d3       32%         1
 Scorch                   Fire           4%         2d5       43%         2
 Wereblood                Tmut           2%         N/A       43%         2
 Hailstorm                Conj/Ice       7%         3d5       43%         3
 Volatile Blastmotes      Fire/Tloc      12%        2d11      45%         3
 Iskenderun's Mystic Bla  Conj/Tloc      12%        2d5       63%         4
 Frozen Ramparts          Ice            4%         1d1       67%         3
 Ignite Poison            Fire/Tmut/Pois 2%         N/A       67%         3
 Conjure Ball Lightning   Conj/Air       14%        3x3d6     80%         6
 Brom's Barrelling Bould  Conj/Erth      7%         2d3       83%         4
 Flame Wave               Conj/Fire      7%         2d5       83%         4
 Fulminant Prism          Conj/Hex       3%         3d5       83%         4
 Sticky Flame             Conj/Fire      7%         2d3       83%         4
 Iskenderun's Battlesphe  Conj           13%        2d7       90%         5
 Plasma Beam              Fire/Air       11%        2x1d22    96%         6
 Leda's Liquefaction      Hex/Erth       1%         N/A       97%         4
 Olgreb's Toxic Radiance  Pois           2%         N/A       97%         4
 Petrify                  Tmut/Erth      2%         N/A       97%         4
 Fireball                 Conj/Fire      3%         3d4       99%         5
 Irradiate                Conj/Tmut      3%         3d12      99%         5
 Alistair's Intoxication  Tmut/Pois      1%         N/A       100%        5
 Borgnjor's Vile Clutch   Necr/Erth      1%         N/A       100%        5
 Lee's Rapid Deconstruct  Erth           1%         3d4*      100%        5
 Metabolic Englaciation   Hex/Ice        1%         N/A       100%        5
 Bombard                  Conj/Erth      3%         9d1       100%        6
 Dispersal                Tloc           5%         N/A       100%        6
 Eringya's Noxious Bog    Tmut/Pois      1%         4d6       100%        6
 Starburst                Conj/Fire      3%         6d3       100%        6
 Orb of Destruction       Conj           6%         9d6       100%        7
 Discord                  Hex            1%         N/A       100%        8
 Disjunction              Tloc           5%         N/A       100%        8
 Ignition                 Fire           1%         3d3       100%        8
 Fire Storm               Conj/Fire      3%         8d1       100%        9
 Summon Lightning Spire   Summ/Air       Unusable   N/A       N/A         4
 Sublimation of Blood     Necr           Unusable   N/A       N/A         2
 Call Imp                 Summ           Unusable   N/A       N/A         2
 Animate Dead             Necr           Unusable   N/A       N/A         4
 Death Channel            Necr           Unusable   N/A       N/A         6
 Summon Cactus Giant      Summ           Unusable   N/A       N/A         6
 Summon Hydra             Summ           Unusable   N/A       N/A         7

Dungeon Overview and Level Annotations

Branches:
Dungeon (15/15) Zot: 25553  Temple (1/1) D:5 Zot: 5998    Lair (5/5) D:8 Zot: 23341
 Shoals (4/4) Lair:3 Zot: 18990   Snake (4/4) Lair:3 Zot: 19563   Slime (0/5) Lair:5
    Orc (2/2) D:9 Zot: 8273     Elf (3/3) Orc:2 Zot: 11921  Vaults (4/5) D:13 Zot: 17005
  Crypt (0/3) Vaults:3     Depths (1/4) D:15 Zot: 5567  Bailey (visited)
  IceCv (visited)          WizLab (visited)         Gauntlet (visited)

Altars:
Ashenzari
Cheibriados
Dithmenos
Elyvilon
Fedhas
Gozag
Hepliaklqana
Kikubaaqudgha
Makhleb
Nemelex Xobeh
Okawaru
Qazlal
Ru
Sif Muna
Trog
Uskayaw
Vehumet
Wu Jian
Xom
Yredelemnul
Zin
The Shining One
Jiyva
Lugonu

Shops:
Orc:1 !   Orc:2 ([!   Elf:2 ==   Shoals:3 ?   Snake:1 *==:   Snake:2 [
Snake:3 (   Snake:4 (   Vaults:1 ?(   Vaults:4 ?

Portals:
Hell: Depths:1
Abyss: Lair:5


Innate Abilities, Weirdness & Mutations

You are a living statue of rough stone.
Your actions are slow, but your melee attacks are powerful.
You are resistant to unholy torment.
Your maximum health is greatly increased.
You cannot wear most types of armour.
You are amphibious.
You can wear up to eight rings at the same time.
You are immune to poison.
Your skin changes colour to match your surroundings (Stealth+).
((Your rubbery body absorbs attacks. (AC +1, EV +1)))
You are camouflaged when in or above water. (Stealth+)
You have tentacles for arms and can constrict up to eight enemies at once.


Message History

A deep troll earth mage comes into view.
You block the storm dragon zombie's attack.
The storm dragon zombie closely misses you.
You block the storm dragon zombie's attack.
Some rock shatters into small pieces.
A deep troll earth mage comes into view.
The deep troll shouts!
Your unstable footing causes you to fumble your attack.
You hear a shout!
You block the water elemental's attack.
The storm dragon zombie completely misses you. x2
You block the storm dragon zombie's attack.
A deep troll earth mage comes into view.
Your unstable footing causes you to fumble your attack.
The deep troll earth mage shouts!
The water elemental completely misses you.
The deep troll earth mage points at the rock wall and mumbles some strange words.
Some rock shatters into small pieces.
You block the storm dragon zombie's attack. x3
You hit the water elemental.
Your weapon exudes an aura of protection.
You squeeze the water elemental.
Your unstable footing causes you to fumble your attack.
The water elemental is almost destroyed.
You block the water elemental's attack.
The storm dragon zombie completely misses you.
You block the storm dragon zombie's attack. x2
Your unstable footing causes you to fumble your attack.
You block the water elemental's attack.
The storm dragon zombie completely misses you.
You block the storm dragon zombie's attack. x2
Your unstable footing causes you to fumble your attack.
You block the water elemental's attack.
You closely miss the water elemental.
The deep troll shouts!
You squeeze the water elemental.
You destroy the water elemental!
Okawaru accepts your kill.
You block the storm dragon zombie's attack. x2
The storm dragon zombie completely misses you.
The deep troll earth mage casts a spell next to the deep troll earth mage.
Some rock shatters into small pieces.
You puncture the storm dragon zombie!
Your weapon exudes an aura of protection.
You puncture the storm dragon zombie!
You squeeze the storm dragon zombie, but do no damage.
The storm dragon zombie is moderately damaged.
The storm dragon zombie completely misses you.
You block the storm dragon zombie's attack. x2
Your unstable footing causes you to fumble your attack.
You block the storm dragon zombie's attack.
The storm dragon zombie completely misses you.
You block the storm dragon zombie's attack.
The deep troll earth mage shouts!
You hit the storm dragon zombie but do no damage.
You hit the storm dragon zombie.
The storm dragon zombie is moderately damaged.
You block the storm dragon zombie's attack. x3
You completely miss the storm dragon zombie.
You squeeze the storm dragon zombie, but do no damage.
Your unstable footing causes you to fumble your attack.
The storm dragon zombie is moderately damaged.
You block the storm dragon zombie's attack. x3
Your unstable footing causes you to fumble your attack.
You hit the storm dragon zombie but do no damage. x2
You squeeze the storm dragon zombie.
The storm dragon zombie is moderately damaged.
You block the storm dragon zombie's attack. x3
You puncture the storm dragon zombie!
You hit the storm dragon zombie but do no damage.
The storm dragon zombie is moderately damaged.
You block the storm dragon zombie's attack. x2
The storm dragon zombie misses you.
Your unstable footing causes you to fumble your attack.
You block the storm dragon zombie's attack. x3
You puncture the storm dragon zombie! You squeeze the storm dragon zombie!!
You hit the storm dragon zombie but do no damage.
You squeeze the storm dragon zombie.
The storm dragon zombie is severely damaged.
You block the storm dragon zombie's attack.
The storm dragon zombie completely misses you. x2
You hit the storm dragon zombie but do no damage.
You squeeze the storm dragon zombie.
You hit the storm dragon zombie but do no damage.
You squeeze the storm dragon zombie, but do no damage.
The storm dragon zombie is severely damaged.
You block the storm dragon zombie's attack. x2
The storm dragon zombie tramples you but does no damage.
Your unstable footing causes you to fumble your attack.
The storm dragon zombie bites you but does no damage.
You block the storm dragon zombie's attack.
The storm dragon zombie closely misses you.
You hit the storm dragon zombie.
Your unstable footing causes you to fumble your attack.
The storm dragon zombie is severely damaged.
You completely miss the storm dragon zombie.
You squeeze the storm dragon zombie.
Your unstable footing causes you to fumble your attack.
The storm dragon zombie is severely damaged.
You block the storm dragon zombie's attack.
The storm dragon zombie claws you but does no damage.
You block the storm dragon zombie's attack.
You hit the storm dragon zombie but do no damage.
You squeeze the storm dragon zombie, but do no damage.
You puncture the storm dragon zombie! You squeeze the storm dragon zombie.
The storm dragon zombie is almost destroyed.
You block the storm dragon zombie's attack.
The storm dragon zombie claws you but does no damage.
You block the storm dragon zombie's attack.
You barely miss the storm dragon zombie.
You tentacle-slap the storm dragon zombie, but do no damage.
You puncture the storm dragon zombie!
You tentacle-slap the storm dragon zombie, but do no damage.
You squeeze the storm dragon zombie, but do no damage.
The storm dragon zombie is almost destroyed.
The storm dragon zombie completely misses you. x2
You block the storm dragon zombie's attack.
Your unstable footing causes you to fumble your attack.
You block the storm dragon zombie's attack.
The storm dragon zombie claws you.
You block the storm dragon zombie's attack.
You take 5 damage, and have 226/231 hp.
You impale the storm dragon zombie!!
You destroy the storm dragon zombie!
Okawaru accepts your kill.
The deep troll earth mage gestures at you while chanting.
You shatter!!
You hear a shout!
You take 19 damage, and have 207/231 hp.
A necromancer comes into view.
It is wielding a +0 dagger and wearing a +0 robe of willpower.
The deep troll earth mage casts a spell next to the spriggan berserker simulacrum.
Some rock shatters into small pieces.
You regained 3 hp, and now have 210/231 hp.
The deep troll earth mage casts a spell at you.
You shatter!!
The deep troll earth mage casts a spell at you.
You shatter!!
The deep troll earth mage points at you and mumbles some strange words.
You shatter!!!
The deep troll earth mage casts a spell at you.
You shatter!!!
The deep troll earth mage points at you and mumbles some strange words.
You shatter!!
* * * LOW HITPOINT WARNING * * *
The deep troll earth mage gestures at you while chanting.
You shatter!!!
* * * LOW HITPOINT WARNING * * *
The deep troll earth mage points at you and mumbles some strange words.
You shatter!!!
You die...

#..≈≈≈≈≈≈≈≈≈≈≈≈≈≈≈≈≈≈#
...~~≈≈≈≈≈≈≈≈≈≈≈≈≈≈≈≈≈##
#.##~~≈≈≈≈≈≈≈≈≈≈≈≈≈≈≈≈≈≈#
.......≈~≈≈≈≈≈≈≈≈≈≈≈≈≈≈≈##
##.####.#≈≈≈≈≈≈≈≈≈≈≈≈≈#.#
#.##≈≈≈≈≈≈≈≈≈≈≈≈#.#
#≈≈≈≈≈≈≈≈≈≈~≈#.#
####≈)≈≈≈≈T~..T#
#≈≈8≈≈≈≈.....
#..≈≈≈≈≈≈T.....
##p.TT≈TTT~#.>.
..Z..TTTT...##
#####.T....... #.........
#.#....#?. #.##.....#


You could see 2 iron trolls, 4 deep trolls, 6 deep troll earth magi, a
necromancer and a spriggan berserker simulacrum.

Vanquished Creatures
  Boris (twice) (Vaults:2 Vaults:3)
  Vashnia (Snake:2)
  Xtahua (Vaults:2)
  Nikola (Shoals:4)
  Jorgrun (D:12)
  Zenata (Vaults:3)
  Rupert (Lair:4)
  A tentacled monstrosity (Vaults:4)
  A lich (Vaults:3)
  Mlioglotl (Snake:1)
  3 deep elf master archers
  2 deep elf blademasters (Elf:3)
  2 sphinxes
  The ghost of Cosmew the Warrior, an adept DsVM of Sif Muna (Snake:4)
  A kraken (Shoals:4)
  Polyphemus (Shoals:3)
  Kirke (Shoals:1)
  Roxanne (Shoals:1)
  7 nagarajas (Snake:4)
  2 thorn hunters (WizLab)
  Donald (Shoals:1)
  4 fenstrider witches
  Ilsuiw (Shoals:2)
  Aizul (Snake:2)
  2 frost giants (IceCv)
  4 deep elf elementalists (Elf:3)
  9 deep elf sorcerers
  11 vault wardens
  15 ironbound preservers
  3 orc warlords
  2 war gargoyles
  A stone giant (Depths:1)
  A formless jellyfish (Vaults:2)
  3 deep elf demonologists (Elf:3)
  11 ironbound thunderhulks
  A vampire knight (Depths:1)
  A minotaur (Gauntlet)
  7 deep elf annihilators (Elf:3)
  A white draconian (IceCv)
  Snorg (D:14)
  3 crystal guardians (Vaults:3)
  2 ettins
  8 deep elf death magi (Elf:3)
  Josephine (D:10)
  4 deep elf high priests
  12 merfolk impalers
  An entropy weaver (shapeshifter) (D:14)
  3 entropy weavers
  4 merfolk javelineers
  7 shambling mangroves (WizLab)
  3 fire dragons
  9 yaktaur captains
  6 salamander tyrants
  4 peacekeepers
  10 hydras
  4 ice dragons
  13 vault guards
  4 boulder beetles
  6 merfolk avatars
  A caustic shrike simulacrum (Depths:1)
  15 centaur warriors
  An ogre mage (D:15)
  8 great orbs of eyes
  18 ironbound frosthearts
  A death knight (D:15)
  Erica (Orc:1)
  2 catoblepae
  4 anacondas
  5 satyrs
  3 merfolk aquamancers
  14 two-headed ogres
  31 dancing weapons
  12 death yaks
  28 naga sharpshooters
  3 thrashing horrors (Lair:5)
  16 naga warriors
  3 tengu warriors
  A spriggan berserker (Depths:1)
  8 shock serpents
  A storm dragon zombie (Depths:1)
  17 deep elf knights
  7 salamander mystics
  5 skysharks
  3 large abominations (Lair:5)
  A golden dragon zombie (Depths:1)
  13 sea snakes
  22 deep trolls
  6 naga ritualists
  19 deep elf archers
  A glowing orange brain (Depths:1)
  An orange crystal statue (IceCv)
  7 arcanists
  3 phantasmal warriors
  5 lindwurms
  Pikel (D:7)
  15 harpies
  17 ironbound convokers
  5 necromancers
  11 orc knights
  31 ugly things
  35 deep elf pyromancers
  30 deep elf zephyrmancers
  4 orc sorcerers (Orc:2)
  A harpy (shapeshifter) (Elf:1)
  18 fauns
  3 mana vipers
  A frost giant zombie (Depths:1)
  38 salamanders
  6 cyclopes
  14 manticores
  A moth of wrath (Orc:1)
  3 oklob plants
  2 black mambas (shapeshifter)
  4 guardian serpents
  A stone giant skeleton (Vaults:3)
  3 kobold blastminers
  13 merfolk sirens
  26 black mambas
  6 water nymphs
  15 vault sentinels
  19 naga magi
  A torpor snail (Lair:5)
  2 orange demons (Orc:1)
  Maggie (D:6)
  3 smoke demons
  2 gargoyles
  An unseen horror (D:12)
  12 cane toads
  A komodo dragon (shapeshifter) (D:10)
  3 kobold demonologists
  13 rime drakes
  13 komodo dragons
  An unseen horror zombie (D:9)
  17 yaktaurs
  A tengu conjurer (D:13)
  2 freezing wraiths
  A golden dragon simulacrum (Vaults:3)
  A red devil (Gauntlet)
  25 polar bears
  A silent spectre (Orc:1)
  33 merfolk
  A polar bear (shapeshifter) (D:13)
  3 meliai (Gauntlet)
  8 trolls
  2 tarantellas (Vaults:2)
  4 wind drakes
  17 hornets
  2 raiju (Lair:5)
  Prince Ribbit (D:6)
  17 dream sheep
  23 blink frogs
  A raiju (shapeshifter) (D:14)
  An iron dragon simulacrum (Vaults:3)
  13 snapping turtles
  18 slime creatures
  Sigmund (D:2)
  9 spriggans
  A jumping spider (Vaults:2)
  15 water elementals
  7 wraiths
  9 wyverns
  An air elemental (Elf:3)
  A spriggan (shapeshifter) (Lair:5)
  A shadow (D:12)
  47 yaks
  3 ynoxinuls (Lair:5)
  3 fire elementals
  A vampire (D:11)
  6 humans
  9 basilisks
  5 vampire mosquitoes (D:11)
  6 steam dragons
  A redback (Vaults:3)
  Menkaure (D:6)
  58 nagas
  A glowing shapeshifter zombie (Depths:1)
  2 chaos spawn (Lair:5)
  2 acid dragons (D:7)
  21 water moccasins
  4 sky beasts
  4 black bears
  2 human zombies
  9 ice beasts
  33 orc warriors
  9 ogres
  9 wolves
  10 small abominations (Lair:5)
  8 centaurs
  A boggart (D:14)
  A lemure (D:7)
  3 phantoms
  6 kobold brigands
  A brain worm (D:7)
  12 bullfrogs
  3 gnoll sergeants
  6 earth elementals
  6 scorpions
  A wight (D:7)
  5 killer bees (D:9)
  2 electric eels (D:7)
  9 howler monkeys
  3 vampire bats (D:6)
  A spectral centaur (D:9)
  A lava snake (Snake:3)
  11 crimson imps
  3 jellies
  4 gnoll boudas
  A hound (D:6)
  21 orc priests
  A centaur zombie (D:9)
  A sleepcap (D:5)
  10 iguanas
  15 orc wizards
  4 hell rats (Lair:1)
  A killer bee zombie (D:9)
  A howler monkey zombie (D:9)
  29 gnolls
  7 adders
  4 shadow imps
  2 white imps
  2 ufetubi (D:6)
  4 worms (D:3)
  A dart slug (D:1)
  97 orcs
  5 bats
  5 bat skeletons (D:6)
  2 bat zombies (D:6)
  8 endoplasms
  5 giant cockroaches
  7 hobgoblins
  2 quokkas (D:1)
  8 ball pythons
  A frilled lizard (D:2)
  5 goblins
  2 goblin skeletons (D:3)
  3 hobgoblin zombies (D:3)
  13 kobolds
  2 kobold skeletons (D:3)
  3 kobold zombies (D:3)
  An orc skeleton (D:3)
  An orc zombie (D:3)
  7 rats
  A spectral kobold (D:2)
  2 tentacles (Shoals:4)
1732 creatures vanquished.

Vanquished Creatures (others)
  A naga sharpshooter (Snake:4)
  A deep elf knight (Elf:2)
  A salamander (Snake:3)
  4 water elementals
  2 orcs
  3 tentacles (Shoals:4)
12 creatures vanquished.

Grand Total: 1744 creatures vanquished

Notes
Turn   | Place    | Note
-------+----------+-------------------------------------------
     0 | D:1      | mdonais the Octopode Reaver began the quest for the Orb.
     0 | D:1      | Reached XP level 1. HP: 14/14 MP: 3/3
   192 | D:1      | Reached XP level 2. HP: 19/19 MP: 5/5
   270 | D:1      | Learned a level 2 spell: Momentum Strike
   748 | D:2      | Reached XP level 3. HP: 22/25 MP: 6/6
   839 | D:2      | Noticed Sigmund
   868 | D:2      | Found a faded altar of an unknown god.
  1032 | D:2      | Prayed at the altar of an unknown god.
  1032 | D:2      | Became a worshipper of Warmaster Okawaru
  1032 | D:2      | Reached * piety under Okawaru
  1236 | D:2      | Reached skill level 1 in Stealth
  1623 | D:3      | Reached skill level 1 in Invocations
  1623 | D:3      | Reached XP level 4. HP: 13/30 MP: 7/7
  1910 | D:3      | Identified the +6 whip "Tenwes" {drain, *Rage rElec rF+
                  | Str+3}
  2065 | D:3      | Found a basalt altar of Yredelemnul.
  2347 | D:3      | Found a glowing golden altar of the Shining One.
  2950 | D:4      | Noticed a black bear
  3044 | D:4      | Reached skill level 3 in Fighting
  3107 | D:4      | Identified the +12 plate armour "Quff" {Rampage rPois rF+
                  | rC-}
  3252 | D:4      | Found a shadowy altar of Dithmenos.
  3334 | D:4      | Reached XP level 5. HP: 32/32 MP: 8/8
  3473 | D:4      | Found a broken altar of Ashenzari.
  3636 | D:4      | Found an ornate altar of the Wu Jian Council.
  3636 | D:4      | Found a hazy altar of Hepliaklqana.
  3710 | D:4      | Reached skill level 4 in Fighting
  3939 | D:5      | Entered Level 5 of the Dungeon
  3941 | D:5      | Noticed a black bear
  3951 | D:5      | Reached XP level 6. HP: 44/44 MP: 6/9
  4095 | D:5      | Found a staircase to the Ecumenical Temple.
  4365 | D:5      | Reached skill level 5 in Fighting
  4427 | D:5      | Reached XP level 7. HP: 51/51 MP: 10/10
  4484 | D:5      | Reached skill level 6 in Fighting
  4672 | D:4      | Reached ** piety under Okawaru
  4910 | D:3      | Found a glowing golden altar of the Shining One.
  5138 | D:3      | Found a basalt altar of Yredelemnul.
  5827 | D:5      | Found a shimmering blue altar of Sif Muna.
  5950 | D:5      | Reached XP level 8. HP: 57/58 MP: 11/11
  6053 | Temple   | Entered the Ecumenical Temple
  6331 | D:6      | Reached skill level 7 in Fighting
  6747 | D:6      | Reached *** piety under Okawaru
  6806 | D:6      | Noticed Menkaure
  6903 | D:6      | Noticed Maggie
  6914 | D:6      | Killed Maggie
  6915 | D:6      | Reached skill level 8 in Fighting
  6915 | D:6      | Reached skill level 5 in Dodging
  6915 | D:6      | Reached XP level 9. HP: 30/66 MP: 12/12
  7159 | D:7      | Noticed Pikel
  7170 | D:7      | Killed Pikel
  7171 | D:7      | Reached skill level 9 in Fighting
  7237 | D:7      | Found a flagged portal.
  7251 | Bailey   | Entered a bailey
  7366 | Bailey   | Reached **** piety under Okawaru
  7425 | Bailey   | Noticed a two-headed ogre
  7433 | Bailey   | Killed a two-headed ogre
  7434 | Bailey   | Reached skill level 10 in Fighting
  7502 | Bailey   | Reached skill level 11 in Fighting
  7507 | Bailey   | Reached XP level 10. HP: 36/78 MP: 11/13
  7720 | Bailey   | Reached skill level 5 in Invocations
  7904 | Bailey   | Reached ***** piety under Okawaru
  8044 | Bailey   | Learned a level 2 spell: Blink
  8207 | D:7      | Noticed Maurice
  8212 | D:7      | Maurice changed into Maurice the brain worm
  8212 | D:7      | Noticed Maurice
  8217 | D:7      | Killed Maurice the brain worm
  8218 | D:7      | Reached skill level 1 in Translocations
  8300 | D:6      | Reached skill level 1 in Necromancy
  9201 | D:7      | Received a gift from Okawaru
  9530 | D:7      | Learned a level 3 spell: Swiftness
  9919 | D:2      | Killed Sigmund
  9920 | D:2      | Reached skill level 1 in Evocations
  9920 | D:2      | Reached XP level 11. HP: 85/85 MP: 15/15
 10038 | D:6      | Killed Menkaure
 10173 | D:6      | Noticed Prince Ribbit
 10179 | D:6      | Killed Prince Ribbit
 10180 | D:6      | Reached skill level 12 in Fighting
 10188 | D:6      | Found an ancient bone altar of Kikubaaqudgha.
 10363 | D:8      | Got Vehumet's Writings on the Discharge
 10393 | D:8      | Reached skill level 5 in Stealth
 10548 | D:8      | Reached skill level 1 in Shapeshifting
 11037 | D:8      | Found a staircase to the Lair.
 11734 | D:9      | Found a burning altar of Makhleb.
 11864 | D:9      | Found a staircase to the Orcish Mines.
 11938 | D:9      | Reached skill level 5 in Shapeshifting
 12908 | D:9      | Identified the ring of Kula {Str+2 SInv}
 12984 | D:10     | Entered Level 10 of the Dungeon
 13134 | D:10     | Reached skill level 1 in Unarmed Combat
 13189 | D:10     | Found a shimmering altar of Xom.
 13352 | D:10     | Noticed Josephine
 13603 | D:10     | Reached XP level 12. HP: 91/91 MP: 16/16
 13614 | D:10     | Reached skill level 5 in Unarmed Combat
 13693 | D:10     | Found a runed translucent door.
 13693 | D:10     | Noticed a tengu warrior
 13698 | D:10     | Killed a tengu warrior
 13699 | D:10     | Noticed a yaktaur captain
 13757 | D:10     | Killed a yaktaur captain
 13811 | D:10     | Noticed a centaur warrior
 13819 | D:10     | Reached skill level 1 in Shields
 13993 | D:10     | Received a gift from Okawaru
 14077 | D:10     | Killed a centaur warrior
 14079 | D:10     | Identified the staff of Hell's Wrath {rN+ Int+3 Dex+3
                  | Necro}
 14308 | D:11     | Noticed a two-headed ogre
 14319 | D:11     | Killed a two-headed ogre
 14598 | D:10     | Killed Josephine
 15121 | D:11     | Noticed a two-headed ogre
 15130 | D:11     | Killed a two-headed ogre
 15131 | D:11     | Reached skill level 10 in Shapeshifting
 15292 | Lair:1   | Entered Level 1 of the Lair of Beasts
 15553 | Lair:1   | Reached XP level 13. HP: 97/97 MP: 17/17
 15672 | Lair:1   | Received a gift from Okawaru
 17061 | Lair:2   | Reached ****** piety under Okawaru
 17065 | Lair:2   | Acquired a +6 quick blade of venom
 17065 | Lair:2   | Received a gift from Okawaru
 17144 | Lair:2   | Reached skill level 13 in Fighting
 17244 | Lair:2   | Acquired the +0 hat of Starshine {rF+ rC+ Dex+3}
 17244 | Lair:2   | Received a gift from Okawaru
 17279 | Lair:2   | Received a gift from Okawaru
 17404 | Lair:2   | Reached skill level 5 in Short Blades
 17997 | Orc:1    | Entered Level 1 of the Orcish Mines
 18433 | Orc:1    | Noticed Erica
 18436 | Orc:1    | Killed Erica
 18682 | Orc:1    | Found Fuhoti's Distillery.
 18690 | Orc:1    | Bought a potion of heal wounds for 65 gold pieces
 18725 | Orc:1    | Found a transporter.
 18734 | Orc:1    | Found a transporter.
 18957 | Orc:1    | Received a gift from Okawaru
 19133 | Orc:1    | Found a bloodstained altar of Trog.
 19133 | Orc:1    | Noticed an ettin
 19133 | Orc:1    | Found the +8 Wrath of Trog {antimagic, *Rage Rampage}
 19229 | Orc:2    | Entered Level 2 of the Orcish Mines
 19229 | Orc:2    | Noticed an orc warlord
 19229 | Orc:2    | Found a staircase to the Elven Halls.
 19265 | Orc:2    | Paralysed by an orc sorcerer for 5 turns
 19688 | Orc:1    | an orc warlord changed into a catoblepas
 19700 | Orc:1    | Reached XP level 14. HP: 92/106 MP: 19/19
 20221 | Orc:2    | Paralysed by an orc sorcerer for 3 turns
 20278 | Orc:2    | Found Idirph's Distillery.
 20444 | Orc:2    | Noticed an orc warlord
 20453 | Orc:2    | Killed an orc warlord
 20455 | Orc:2    | Received a gift from Okawaru
 20514 | Orc:2    | Reached skill level 10 in Short Blades
 20732 | Orc:2    | Found Okiov's Armour Emporium.
 21097 | Orc:2    | Found Idumita's Antique Armour Boutique.
 21103 | Orc:2    | Found Ohiogresi's Antique Weapon Shop.
 21209 | Orc:2    | Bought a potion of heal wounds for 80 gold pieces
 21209 | Orc:2    | Bought a potion of haste for 160 gold pieces
 21209 | Orc:2    | Bought a potion of might for 64 gold pieces
 21209 | Orc:2    | Bought a potion of heal wounds for 80 gold pieces
 21848 | Lair:3   | Found a staircase to the Snake Pit.
 22361 | Lair:4   | Received a gift from Okawaru
 22427 | Lair:4   | Noticed Rupert
 22432 | Lair:4   | Reached skill level 10 in Dodging
 22670 | Lair:4   | Killed Rupert
 22900 | Lair:5   | Entered Level 5 of the Lair of Beasts
 23395 | Lair:5   | Found a staircase to the Slime Pits.
 23395 | Lair:5   | Found a viscous altar of Jiyva.
 23613 | Lair:5   | Reached XP level 15. HP: 80/112 MP: 20/20
 23859 | Lair:5   | Received a gift from Okawaru
 23875 | Lair:5   | Reached skill level 14 in Fighting
 24409 | Lair:5   | Received a gift from Okawaru
 24538 | Lair:5   | Found a corrupted altar of Lugonu.
 24538 | Lair:5   | Found a one-way gate to the infinite horrors of the Abyss.
 25443 | D:12     | Noticed Jorgrun
 25451 | D:12     | Killed Jorgrun
 25881 | D:13     | Received a gift from Okawaru
 26274 | D:13     | Found a gate to the Vaults.
 26985 | D:14     | Received a gift from Okawaru
 27113 | D:14     | Found a glowing silver altar of Zin.
 27114 | D:14     | Noticed an angel
 27146 | D:14     | Noticed Snorg
 27166 | D:14     | Reached skill level 10 in Stealth
 27467 | D:14     | Killed Snorg
 27468 | D:14     | Reached XP level 16. HP: 119/119 MP: 21/21
 27952 | D:15     | Entered Level 15 of the Dungeon
 27960 | D:15     | Found a gate leading to a gauntlet.
 27972 | Gauntlet | Entered a Gauntlet
 27972 | Gauntlet | Found a transporter.
 27972 | Gauntlet | Found a transporter.
 27976 | Gauntlet | Found a transporter.
 27985 | Gauntlet | Found a transporter.
 27985 | Gauntlet | Found a transporter.
 27988 | Gauntlet | Found a transporter.
 27989 | Gauntlet | Found a transporter.
 27990 | Gauntlet | Found a transporter.
 27992 | Gauntlet | Found a transporter.
 28000 | Gauntlet | Found a transporter.
 28002 | Gauntlet | Found a transporter.
 28100 | Gauntlet | Received a gift from Okawaru
 28131 | Gauntlet | Identified the amulet of Kydoc {Faith rElec Regen+ Str+3}
 28317 | D:15     | Found a frozen archway.
 28352 | IceCv    | Entered an ice cave
 28416 | IceCv    | Received a gift from Okawaru
 28490 | IceCv    | Found the +3 hat of Pondering {ponderous, Will+ MP+10
                  | Int+5}
 28516 | IceCv    | Reached skill level 5 in Shields
 28857 | IceCv    | Received a gift from Okawaru
 28894 | IceCv    | Identified the ring of Picicwey {Ice ^Drain rN+ SInv}
 29172 | D:15     | Received a gift from Okawaru
 29678 | D:15     | Found a staircase to the Depths.
 29990 | Snake:1  | Entered Level 1 of the Snake Pit
 30026 | Snake:1  | Reached XP level 17. HP: 126/126 MP: 23/23
 30317 | Snake:1  | Noticed Mlioglotl
 30386 | Snake:1  | Killed Mlioglotl
 30467 | Snake:1  | Received a gift from Okawaru
 30580 | Snake:1  | Found Naduugg's General Store.
 30692 | Snake:1  | Found Gialui Gaadu's Jewellery Shop.
 30714 | Snake:1  | Found Tienoc's Book Shoppe.
 30738 | Snake:1  | Reached skill level 1 in Throwing
 30811 | Snake:1  | Found Ashriut's Jewellery Shoppe.
 31140 | Snake:2  | Identified the serpent talisman "Tumot" {Str+4}
 31140 | Snake:2  | Noticed Aizul
 31142 | Snake:2  | Found Jotsewav's Antique Armour Shoppe.
 31154 | Snake:2  | Killed Aizul
 31468 | Snake:2  | Reached skill level 10 in Shields
 31696 | Snake:2  | Received a gift from Okawaru
 31865 | Snake:2  | Noticed Vashnia
 32230 | Snake:2  | Killed Vashnia
 32561 | Snake:3  | Received a gift from Okawaru
 32998 | Snake:3  | Identified the +8 orcbow of Asso {antimagic, rPois rC++
                  | Int+4}
 33013 | Snake:3  | Received a gift from Okawaru
 33022 | Snake:3  | Reached skill level 15 in Fighting
 33122 | Snake:3  | Found Zuchueth's Antique Weapon Shop.
 33130 | Snake:3  | Bought a jewelled rapier for 225 gold pieces
 33130 | Snake:3  | Identified the +8 rapier "Woun" {flame, *Rage rPois rC+
                  | Will++} (You bought it in a shop on level 3 of the Snake
                  | Pit)
 33499 | Snake:4  | Entered Level 4 of the Snake Pit
 33561 | Snake:4  | Reached XP level 18. HP: 120/134 MP: 24/24
 33647 | Snake:4  | Found a runed translucent gate.
 33647 | Snake:4  | Found a runed translucent gate.
 33647 | Snake:4  | Found a runed translucent gate.
 33648 | Snake:4  | Noticed Cosmew's ghost (adept DsVM)
 33716 | Snake:4  | Found a glowing silver altar of Zin.
 33847 | Snake:4  | Found Cecuthrod's Weapon Boutique.
 34020 | Snake:4  | Received a gift from Okawaru
 34194 | Snake:4  | Received a gift from Okawaru
 34264 | Snake:4  | Received a gift from Okawaru
 34301 | Snake:4  | Got a serpentine rune of Zot
 34578 | Snake:4  | Killed Cosmew's ghost
 34850 | Orc:1    | Bought a potion of attraction for 39 gold pieces
 34850 | Orc:1    | Bought a potion of resistance for 130 gold pieces
 34850 | Orc:1    | Bought a potion of cancellation for 104 gold pieces
 34902 | Orc:2    | Bought a potion of might for 64 gold pieces
 35067 | Shoals:1 | Entered Level 1 of the Shoals
 35128 | Shoals:1 | Noticed Donald
 35202 | Shoals:1 | Received a gift from Okawaru
 35416 | Shoals:1 | Noticed Roxanne
 35455 | Shoals:1 | Found a runed translucent door.
 35475 | Shoals:1 | Reached XP level 19. HP: 136/139 MP: 23/25
 35478 | Shoals:1 | Received a gift from Okawaru
 35479 | Shoals:1 | Reached skill level 15 in Shields
 35488 | Shoals:1 | Identified the ring "Vaylah" {Will+ rCorr Str+3 Dex-4 SInv}
 35545 | Shoals:1 | Acquired a manual of Stealth
 35920 | Shoals:1 | Killed Donald
 35975 | Shoals:1 | Killed Roxanne
 36023 | Shoals:2 | Noticed Kirke
 36052 | Shoals:1 | Killed Kirke
 36179 | Shoals:2 | Noticed Ilsuiw
 36201 | Shoals:2 | Killed Ilsuiw
 36320 | Shoals:2 | Received a gift from Okawaru
 36880 | Shoals:3 | Noticed Polyphemus
 36916 | Shoals:3 | Killed Polyphemus
 37238 | Shoals:3 | Received a gift from Okawaru
 37536 | Shoals:3 | Found Nerpha Duim's Magic Scroll Boutique.
 37891 | Shoals:4 | Entered Level 4 of the Shoals
 38155 | Shoals:4 | Received a gift from Okawaru
 38161 | Shoals:4 | Got a barnacled rune of Zot
 38198 | Shoals:4 | Noticed Nikola
 38207 | Shoals:4 | Killed Nikola
 38487 | Shoals:4 | Reached skill level 15 in Shapeshifting
 38576 | Shoals:4 | Received a gift from Okawaru
 38916 | Shoals:4 | Got the Grimoire of the Pyromaniac
 39663 | Shoals:3 | Bought a scroll of teleportation for 45 gold pieces
 39663 | Shoals:3 | Bought a scroll of fog for 60 gold pieces
 39928 | Elf:1    | Entered Level 1 of the Elven Halls
 39939 | Elf:1    | Reached XP level 20. HP: 146/146 MP: 26/26
 40045 | Elf:1    | Received a gift from Okawaru
 40617 | Elf:1    | Received a gift from Okawaru
 40621 | Elf:1    | Reached skill level 15 in Stealth
 40627 | Elf:1    | Reached skill level 1 in Air Magic
 41062 | Elf:2    | Found Bideetzu's Jewellery Boutique.
 41085 | Elf:2    | Reached skill level 5 in Air Magic
 41246 | Elf:2    | Found Fobbiol's Jewellery Boutique.
 41275 | Elf:2    | Received a gift from Okawaru
 41380 | Elf:2    | Identified the +2 demon trident "Wytwufi" {drain, rPois
                  | Str+5}
 41413 | Elf:2    | Found a runed translucent gate.
 41413 | Elf:2    | Found a runed translucent gate.
 41416 | Elf:2    | Found a runed translucent gate.
 41713 | Elf:2    | Received a gift from Okawaru
 41962 | Elf:2    | Found Fobbiol's Jewellery Boutique.
 42145 | Elf:2    | Found Bideetzu's Jewellery Boutique.
 42485 | Elf:3    | Entered Level 3 of the Elven Halls
 42510 | Elf:3    | Found a magical portal.
 42526 | WizLab   | Entered Eringya's Formal Garden
 42584 | WizLab   | Got Eringya's Handbook of Flesh
 42730 | WizLab   | Reached XP level 21. HP: 152/152 MP: 27/27
 42748 | WizLab   | Received a gift from Okawaru
 42749 | WizLab   | Reached skill level 10 in Air Magic
 43124 | WizLab   | Found a blossoming altar of Fedhas.
 43847 | Elf:3    | Received a gift from Okawaru
 44304 | Elf:3    | Received a gift from Okawaru
 44490 | Elf:3    | Identified the +8 plate armour of the Beggar {rF+ rN+}
 44500 | Elf:3    | Identified the staff of Zuerchil {rElec Summ Air}
 44561 | Elf:3    | Got the Notes on Fiery Energy
 44632 | Elf:3    | Identified the staff of Dissolution {rPois rC+ Ice}
 44640 | Elf:3    | Got Juhad's Papyrus of Putrid Voltage
 44656 | Elf:3    | Identified the staff "Gatyshraepu" {rPois rF+ rN+ Poison}
 44715 | Elf:3    | Learned a level 4 spell: Airstrike
 44721 | Elf:3    | Learned a level 5 spell: Silence
 44873 | Orc:1    | Found a runed translucent door.
 44914 | Orc:1    | Identified the +8 plate armour of the Tick {Int+2 Dex+4}
 44922 | Orc:1    | Identified the +8 demon trident of Parsimonious True Grit
                  | {venom, Fly rElec Will+}
 45084 | Vaults:1 | Entered Level 1 of the Vaults
 45122 | Vaults:1 | Received a gift from Okawaru
 45137 | Vaults:1 | Reached skill level 16 in Fighting
 45594 | Vaults:1 | Received a gift from Okawaru
 45647 | Vaults:1 | Found Quroevism's Magic Scroll Shoppe.
 45657 | Vaults:1 | Reached skill level 17 in Fighting
 45666 | Vaults:1 | Reached XP level 22. HP: 162/162 MP: 28/28
 45670 | Vaults:1 | Bought a scroll of enchant armour for 127 gold pieces
 45673 | Vaults:1 | Bought a scroll of enchant armour for 127 gold pieces
 45840 | Vaults:1 | Found Wyserixt's Weapon Shoppe.
 46099 | Vaults:2 | Reached skill level 15 in Dodging
 46366 | Vaults:2 | Received a gift from Okawaru
 46472 | Vaults:2 | Reached skill level 18 in Fighting
 46538 | Vaults:2 | Noticed Xtahua
 46556 | Vaults:2 | Killed Xtahua
 46618 | Vaults:2 | Noticed Boris
 46634 | Vaults:2 | Killed Boris
 47035 | Vaults:2 | Reached skill level 19 in Fighting
 47207 | Vaults:3 | Received a gift from Okawaru
 47322 | Vaults:3 | Reached skill level 20 in Fighting
 47656 | Vaults:3 | Noticed Boris
 47669 | Vaults:3 | Killed Boris
 47741 | Vaults:3 | Found a staircase to the Crypt.
 47862 | Vaults:3 | Noticed Zenata
 47864 | Vaults:3 | Killed Zenata
 47934 | Vaults:3 | Received a gift from Okawaru
 48151 | Vaults:3 | Got Sif Muna's Encyclopedia of Snowy Vicissitude
 48636 | Vaults:4 | Received a gift from Okawaru
 48640 | Vaults:4 | Reached skill level 10 in Invocations
 48756 | Vaults:4 | Reached XP level 23. HP: 178/178 MP: 30/30
 48841 | Vaults:4 | Found Jesm's Magic Scroll Emporium.
 48847 | Vaults:4 | Bought a scroll of blinking for 105 gold pieces
 48847 | Vaults:4 | Bought a scroll of blinking for 105 gold pieces
 48847 | Vaults:4 | Bought a scroll of blinking for 105 gold pieces
 48847 | Vaults:4 | Bought a scroll of blinking for 105 gold pieces
 48911 | Vaults:4 | Received a gift from Okawaru
 49234 | Vaults:4 | Identified the +4 mace of the Scorching Gods {flame, rC-
                  | Str+7}
 49575 | Vaults:4 | Received a gift from Okawaru
 50164 | Depths:1 | Entered Level 1 of the Depths
 50436 | Depths:1 | Found a gateway to Hell.
 50490 | Depths:1 | HP: 10/231 [deep troll earth mage/Lee's Rapid
                  | Deconstruction (36)]
 50490 | Depths:1 | Killed from afar by a deep troll earth mage

Illustrated notes

Levels and vault maps discovered:
D:1:      tarquinn_simple_flora_water_c, layout_loops_ring
D:2:      minmay_spotlight, layout_rooms,
          dreamdust_ecumenical_altar_drowned_temple, uniq_sigmund
D:3:      layout_loops_corners, mainiacjoe_overflow_concentric_impassable,
          nicolae_tso_besieged_by_evil
D:4:      layout_loops_corners, mainiacjoe_overflow_paths,
          ashenzari_conservatory_becter, mainiacjoe_overflow_divided_tiny,
          serial_forest, infiniplex_forest_lined_room_2,
          infiniplex_forest_clump_C, infiniplex_forest_clump_small,
          infiniplex_forest_straight_4, infiniplex_forest_lined_3,
          infiniplex_forest_end_1, infiniplex_forest_clump_diagonal
D:5:      layout_gridville, mainiacjoe_overflow_cross_hatched, temple_pool_b
D:6:      layout_basic, kennysheep_vampire_church, serial_corexii_hall,
          corexii_hall_statues_s, chequers_hall_statues_y, uniq_maggie,
          uniq_prince_ribbit1, uniq_menkaure
D:7:      nzn_winding_woodlands_three_and_one
          [nzn_winding_woodlands_5x15_longhouse,
          nzn_winding_woodlands_5x15_crooked,
          nzn_winding_woodlands_5x15_concentric,
          nzn_winding_woodlands_center_garden], layout_cave_pools, serial_park,
          serial_park_square2, serial_park_square3
          [serial_park_minivault_5x5_4], enter_bailey_2, st_stairs_5,
          fountainhead, uniq_pikel, uniq_maurice
D:8:      layout_basic, hellmonk_lair_entry_icy
D:9:      layout_basic, lemuel_tele_altar, david_orc_5, hangedman_weighted_door,
          nicolae_the_louvre
D:10:     layout_roguey, led_xom_imps, minivault_13, uniq_josephine
D:11:     layout_basic
D:12:     layout_roguey, grunt_decor_junction, uniq_jorgrun
D:13:     layout_loops_ring, hellmonk_vaults_order_and_chaos
D:14:     kennysheep_bubbly, layout_layer_cave, zin_angel,
          minmay_tree_intersection, uniq_snorg
D:15:     grunt_enter_depths_hoard, layout_cave_pods, nicolae_benzene_ring,
          gauntlet_entry_generic, portal_ice_cave_entry_ugly_swarm,
          item_on_display_a
Temple:   chequers_temple_sunken
Lair:1:   layout_cave_pods, beast_lair_carwin_5, infiniplex_staircase_pool
Lair:2:   beast_lair_carwin_large_2, layout_small_grid, grunt_megastairs_4
Lair:3:   layout_roguey, nicolae_shoals_entry_flooding,
          nicolae_snake_entry_squirm, grunt_forest_large_clearing_hut
Lair:4:   layout_cave_shapes, nicolae_quartered_pool_super, uniq_rupert
Lair:5:   hellmonk_lair_end_abyssal_woods, layout_layer_cave, slime_entry_1
Shoals:1: nicolae_shoals_offshore_bank_account, layout_shoals, uniq_roxanne,
          uniq_donald
Shoals:2: layout_shoals, nicolae_shoals_beach_house_on_fowls_legs, uniq_ilsuiw,
          uniq_kirke
Shoals:3: cheibrodos_shoals_roost, layout_shoals, serial_shops,
          nicolae_take_the_stairs, nicolae_shoals_this_corrosion,
          uniq_polyphemus
Shoals:4: shoals_end_hangedman, layout_shoals, nicolae_shoals_shepherds,
          uniq_nikola
Snake:1:  layout_concentric_octagons, serial_shops,
          nicolae_shop_just_a_little_nook, nicolae_shop_pleasant_corner_grove,
          shop, shop, grunt_megastairs_5, uniq_mlioglotl
Snake:2:  layout_onion_interference, serial_shops, shop, uniq_aizul,
          uniq_vashnia
Snake:3:  layout_chambers, serial_shops, nicolae_shop_stone,
          nicolae_snake_salamander_zone, grunt_megastairs_1
Snake:4:  snake_pit, layout_cave_town, gammafunk_ghost_split, basic_altar,
          minmay_shop_star
Orc:1:    emtedronai_trogs_sanctum, layout_diamond_mine, serial_shops,
          nicolae_shop_peninsula, einodemon_barbed_minivault, uniq_erica
Orc:2:    grunt_orc_community_town_hall, layout_caves,
          grunt_orc_community_big_house_2, grunt_orc_community_big_house_2,
          grunt_orc_community_house_2, grunt_orc_community_house_1,
          grunt_orc_community_house_1, grunt_orc_community_house_1
Elf:1:    elf_arrival_002, layout_loops_corners, minmay_elf_sorcery,
          serial_sigils_hangedman_stare
Elf:2:    nicolae_elf_blades_splatter_lattice [infiniplex_blade_entry_pillars],
          layout_loops_cross, serial_shops, shop, nicolae_shop_trees
Elf:3:    minmay_elf_hall_spiked, layout_onion_city,
          infiniplex_enter_wizlab_water, roderic_roman_lattice,
          nicolae_elf_glassroom_feature
Vaults:1: nicolae_vaults_shipping_containers_4, dpeg_vaults_monster_row,
          nicolae_vaults_wrenched, nicolae_vaults_taking_the_gang_shopping,
          nicolae_vaults_storage_closets_1, grunt_vaults_swirl,
          vaults_standard_mumra_x, nicolae_vaults_trapezoid_1,
          nicolae_vaults_asterisk, v_misc_15, vaults_room_ringed_pool,
          layout_vaults_omnibox, serial_shops, nicolae_shop_gibbet_a_chance
Vaults:2: hangedman_vaults_snaps, v_misc_5, nicolae_vaults_network_square,
          nicolae_vaults_specimen_jars, nicolae_vaults_more_shelving_2,
          vaults_room_pool, layout_vaults_quadrants, uniq_xtahua, uniq_boris
Vaults:3: ontoclasm_vaults_chip, ontoclasm_vaults_idyll,
          ontoclasm_vaults_ligature, v_misc_3, vaults_room_door_hall,
          nicolae_vaults_layer_cake_slice, vaults_dpeg_hooks, vaults_mumra_hex,
          vaults_room_fours, nicolae_vaults_asterisk, nicolae_vaults_cochlea,
          nicolae_vaults_closet_pinwheel_2, vaults_dpeg_ring,
          nicolae_vaults_library_corner, nicolae_vaults_trapezoid_lopsided_3,
          layout_vaults_chaotic_city, uniq_zenata
Vaults:4: vaults_room_fancy_cross, nicolae_vaults_shipping_containers_2,
          nicolae_vaults_closet_pinwheel_5, v_misc_18,
          nicolae_vaults_what_the_h, v_misc_30, nicolae_vaults_theta,
          nicolae_vaults_house_1, vaults_room_fours, hangedman_vaults_stagger,
          vaults_dpeg_spiral, nicolae_vaults_diagonal_hallway_7,
          layout_vaults_omnicross, serial_shops, shop
Depths:1: layout_basic, enter_ziggurat_e, abyss_entry, serial_shops,
          shop_fountains, nicolae_hell_entry_hellmouth_sunbeams,
          minmay_misc_feat_iff, nicolae_letterblocks [nicolae_letter_subblock,
          nicolae_letter_subblock, nicolae_letter_subblock,
          nicolae_letter_subblock, nicolae_letter_subblock,
          nicolae_letter_subblock, nicolae_letter_subblock,
          nicolae_letter_subblock, nicolae_letter_subblock,
          nicolae_letter_subblock, nicolae_letter_subblock,
          nicolae_letter_subblock, nicolae_letter_subblock,
          nicolae_letter_subblock, nicolae_letter_subblock,
          nicolae_letter_subblock, nicolae_letter_subblock,
          nicolae_letter_subblock, nicolae_letter_subblock,
          nicolae_letter_subblock, nicolae_letter_subblock,
          nicolae_letter_subblock, nicolae_letter_subblock,
          nicolae_letter_subblock, nicolae_letter_subblock]

Skill      XL: |  1  2  3  4  5  6  7  8  9 10 11 12 13 14 15 16 17 18 19 20 21 22 23 |
---------------+----------------------------------------------------------------------+-----
Stealth        | 2 3 4 5 6 10 13 16 17 18 | 18.0
Invocations    | 1 2 3 4 5 6 7 8 10 | 10.0
Fighting       | 3 4 5 6 8 11 12 13 14 15 17 20 | 20.3
Short Blades   | 4 8 11 14 | 14.0
Dodging        | 3 5 7 9 10 11 12 13 14 15 | 15.6
Maces & Flails | 2 4 |  4.0
Translocations | 3 |  3.0
Necromancy     | 1 |  1.0
Spellcasting   | 3 |  3.0
Evocations     | 1 2 3 4 |  4.0
Shapeshifting  | 7 10 11 12 15 16 18 | 18.0
Unarmed Combat | 4 5 7 |  7.0
Shields        | 4 7 12 14 15 | 15.0
Throwing       | 3 |  3.0
Air Magic      | 9 13 | 13.8
Conjurations   | |  3.6

Action                     |  1- 3 |  4- 6 |  7- 9 | 10-12 | 13-15 | 16-18 | 19-21 | 22-24 || total
---------------------------+-------+-------+-------+-------+-------+-------+-------+-------++-------
  Melee: Short sword       |    33 |       |       |       |       |       |       |       ||    33
         Tentacles         |    23 |    19 |    33 |   123 |   391 |   678 |   837 |   566 ||  2670
         Constrict         |    16 |    24 |    23 |    81 |   182 |   127 |   287 |    99 ||   839
         Dagger            |    51 |    89 |     3 |    15 |       |       |       |       ||   158
         Punch             |       |     5 |     1 |    28 |    92 |   145 |   173 |   141 ||   585
         Whip              |       |       |    96 |   493 |   134 |       |       |       ||   723
         Spear             |       |       |    10 |       |       |       |       |       ||    10
         Maw               |       |       |       |    42 |   574 |   857 |   434 |       ||  1907
         Quick blade       |       |       |       |       |  1064 |  1656 |  1963 |  1236 ||  5919
   Fire: Sling             |       |   154 |    64 |       |       |       |       |       ||   218
         Shortbow          |       |       |       |    73 |       |       |       |       ||    73
  Throw: Boomerang         |       |    50 |    28 |     2 |       |       |       |       ||    80
         Dart              |       |       |       |    31 |    51 |       |       |       ||    82
         Javelin           |       |       |       |       |    11 |     3 |     8 |       ||    22
   Cast: Momentum Strike   |       |     3 |     1 |       |       |       |       |       ||     4
         Kiss of Death     |       |     2 |       |       |       |       |       |       ||     2
         Blink             |       |       |       |       |     1 |       |       |       ||     1
 Invoke: Heroism           |       |       |     5 |    13 |     9 |     6 |     5 |     3 ||    41
         Finesse           |       |       |       |     1 |     1 |     2 |       |       ||     4
         Receive Weapon    |       |       |       |       |     1 |       |       |       ||     1
         Receive Armour    |       |       |       |       |     1 |       |       |       ||     1
  Evoke: Wand              |       |       |     1 |     3 |    10 |       |     3 |       ||    17
    Use: Scroll            |     2 |     6 |     2 |    10 |    12 |     7 |     8 |     3 ||    50
         Potion            |     1 |     1 |     2 |     3 |     5 |     2 |     2 |       ||    16
   Stab: Sleeping          |     3 |     7 |     6 |    14 |    33 |    51 |    57 |    45 ||   216
         Distracted        |       |     2 |       |     1 |     8 |     5 |    14 |     4 ||    34
         Invisible         |       |       |       |     6 |     1 |       |       |       ||     7
         Petrified         |       |       |       |       |     1 |       |       |       ||     1
 Armour: Skin              |    28 |    27 |    45 |   167 |   158 |   127 |   187 |   164 ||   903
  Dodge: Dodged            |    46 |    34 |    66 |   327 |   503 |   514 |   685 |   620 ||  2795
  Block: Buckler           |       |       |       |    36 |   287 |    51 |       |       ||   374
         Kite shield       |       |       |       |       |       |   586 |   946 |   750 ||  2282
   Form: Maw               |     1 |       |       |     1 |       |       |       |       ||     2
                           |     1 |       |       |       |       |       |       |       ||     1
         Beast             |       |     1 |       |       |       |       |       |       ||     1
         Statue            |       |       |       |       |       |       |     1 |       ||     1

Table legend: (Time is in decaauts)
 A = Elapsed time spent in this place.
 B = Non-inter-level travel time spent in this place.
 C = Inter-level travel time spent in this place.
 D = Time resting spent in this place.
 E = Time spent auto-exploring this place.
 F = Levels seen in this place.
 G = Mean time per level.
                   A        B        C        D        E       F      G
               +--------+--------+--------+--------+--------+-----+--------+
         Total |  55779 |  50777 |   5002 |   4903 |  30190 |  43 | 1297.2 |
       Dungeon |  19654 |  17706 |   1948 |   2627 |  10028 |  15 | 1310.3 |
        Temple |      1 |      1 |      0 |      0 |      0 |   1 |    1.0 |
          Lair |   6659 |   5940 |    719 |    622 |   3571 |   5 | 1331.8 |
        Shoals |   5009 |   4358 |    651 |    135 |   2794 |   4 | 1252.2 |
     Snake Pit |   4436 |   4251 |    185 |    105 |   2946 |   4 | 1109.0 |
  Orcish Mines |   3726 |   3155 |    571 |    573 |   1208 |   2 | 1863.0 |
   Elven Halls |   6078 |   5790 |    288 |    133 |   3996 |   3 | 2026.0 |
        Vaults |   6994 |   6358 |    636 |     76 |   4860 |   4 | 1748.5 |
        Depths |    430 |    429 |      1 |      0 |    147 |   1 |  430.0 |
        Bailey |    982 |    982 |      0 |    596 |     71 |   1 |  982.0 |
      Ice Cave |    701 |    701 |      0 |     33 |    166 |   1 |  701.0 |
        Wizlab |    917 |    917 |      0 |      0 |    402 |   1 |  917.0 |
      Gauntlet |    186 |    186 |      0 |      0 |      0 |   1 |  186.0 |
               +--------+--------+--------+--------+--------+-----+--------+

Top non-repeatable levels by time:
   Elf:2: 2383 daAuts
   Orc:1: 2316 daAuts
     D:3: 2216 daAuts
   Elf:3: 2181 daAuts
Vaults:3: 2070 daAuts
     D:7: 2034 daAuts
Shoals:4: 1898 daAuts
  Lair:1: 1823 daAuts
     D:8: 1781 daAuts
  Lair:5: 1725 daAuts
Vaults:4: 1715 daAuts
Vaults:2: 1670 daAuts
Vaults:1: 1538 daAuts
   Elf:1: 1513 daAuts
    D:10: 1471 daAuts
